 Dungeon Crawl Stone Soup version 0.29.0-11-gd7f09526c8 (webtiles) character file.

Game seed: 13974560700918855554

93 pacmanke6689 the Caller (level 4, 0/24 HPs)
             Began as a Kobold Summoner on Sept 2, 2022.
             Slain by Crazy Yiuf
             ... wielding a +3 quarterstaff of chaos
              (10 damage)
             ... on level 2 of the Dungeon.
             The game lasted 00:10:02 (3900 turns).

pacmanke6689 the Caller (Kobold Summoner)           Turns: 3900, Time: 00:10:02

Health: 0/24       AC:  5    Str:  7    XL:     4   Next: 92%
Magic:  0/8        EV: 14    Int: 16    God:
Gold:   167        SH:  0    Dex: 15    Spells: 5/8 levels left

rFire   . . .      SeeInvis .   j - +0 dagger
rCold   . . .      Faith    .   (no shield)
rNeg    . . .      Spirit   .   f - +0 leather armour
rPois   .          Reflect  .   (no helmet)
rElec   .          Harm     .   i - +0 cloak
rCorr   .          Rampage  .   (no gloves)
Will    .....                   d - +0 pair of boots
Stlth   +++.......              (no amulet)
HPRegen 0.08/turn               (no ring)
MPRegen 0.11/turn               (no ring)

@: no status effects
A: small, no large weapons, nightstalker 3
a: no special abilities


You were on level 2 of the Dungeon.
You visited 1 branch of the dungeon, and saw 2 of its levels.

You collected 167 gold pieces.

Inventory:

Hand Weapons
 j - a +0 dagger (weapon)
Missiles
 h - 21 stones
Armour
 a - a +0 robe
 d - a +0 pair of boots (worn)
 f - a +0 leather armour (worn)
 i - a +0 cloak (worn)
Scrolls
 e - 4 scrolls of identify {unknown}
 k - a scroll of teleportation {unknown}
 l - a scroll of noise {unknown}
Potions
 b - a potion of magic
 c - a potion of cancellation {unknown}
 g - a potion of flight {unknown}
 m - a potion of resistance {unknown}
 n - a potion of invisibility {unknown}


   Skills:
 + Level 0.2 Fighting
 + Level 1.5 Armour
 + Level 3.1 Dodging
 + Level 3.3 Stealth
 - Level 0.9 Unarmed Combat
 + Level 2.6 Spellcasting
 + Level 4.4 Summonings


You had 5 spell levels left.
You knew the following spells:

 Your Spells              Type           Power      Damage    Failure   Level
a - Summon Small Mammal   Summ           64%        N/A       4%          1
b - Call Imp              Summ           16%        N/A       7%          2

Your spell library contained the following spells:

 Spells                   Type           Power      Damage    Failure   Level
 Call Canine Familiar     Summ           16%        N/A       14%         3
 Summon Guardian Golem    Hex/Summ       9%         N/A       34%         3
 Summon Lightning Spire   Summ/Air       9%         N/A       75%         4


Dungeon Overview and Level Annotations

Branches:
Dungeon (2/15)

Altars:

Annotations:
D:2 Crazy Yiuf


Innate Abilities, Weirdness & Mutations

You are small and have problems with some larger weapons.
You are completely attuned to the shadows.


Message History

Your crimson imp hits Crazy Yiuf but does no damage.
Your bat hits Crazy Yiuf but does no damage.
Crazy Yiuf hits your crimson imp with a +3 quarterstaff of chaos!
Your crimson imp dies!
Your crimson imp disappears in a puff of smoke!
Your bat closely misses Crazy Yiuf.
Casting: Call Imp (safe; 7% risk of failure)
Confirm with . or Enter, or press ? or * to list all spells.
A beastly little devil appears in a puff of flame.
Your bat hits Crazy Yiuf but does no damage.
Your bat closely misses Crazy Yiuf.
Your bat barely misses Crazy Yiuf.
Your bat misses Crazy Yiuf.
You swap places.
Your bat closely misses Crazy Yiuf.
Your bat hits Crazy Yiuf but does no damage.
Your crimson imp barely misses Crazy Yiuf.
Crazy Yiuf hits your crimson imp with a +3 quarterstaff of chaos!
Your crimson imp easily resists.
Your crimson imp blinks!
Your bat hits Crazy Yiuf.
Your bat hits Crazy Yiuf but does no damage. x2
You hit Crazy Yiuf.
Crazy Yiuf is lightly wounded.
Your bat barely misses Crazy Yiuf.
Your bat completely misses Crazy Yiuf.
Crazy Yiuf yells, "Paint bush wrapper!"
Crazy Yiuf hits you with a +3 quarterstaff of chaos!
Crazy Yiuf burns you.
Your bat closely misses Crazy Yiuf.
You hit the fungus.
The fungus begins to die.
The fungus is lightly damaged.
Crazy Yiuf barely misses you.
You see here a +0 hammer.
Casting: Call Imp (safe; 7% risk of failure)
Confirm with . or Enter, or press ? or * to list all spells.
A beastly little devil appears in a puff of flame.
Crazy Yiuf barely misses you.
A nearby fungus withers and dies.
You see here a +0 hammer.
Crazy Yiuf says, "Mugger Xom return to song!"
Your crimson imp hits Crazy Yiuf.
You see here a +0 hammer.
Crazy Yiuf hits you with a +3 quarterstaff of chaos!
You die...

#.#...#### #'#
#.#.#.#.### #.#...#
♣♣5♣ #.#.#.#....
#.#...# ♣b♣♣ #.#
#...... #.#.### ♣♣.♣
#.# ####### #.#.#
♣.♣♣ #.# .. #.#.#
♣♣.♣♣ #.# #### #.#.#
♣.).♣♣ #.# ....
..#.# ♣)g5P♣
#.######### ....#
#))@)# #..........
#####
#))))#####.######.##
..# ##).)#.....#
#..# #.# ##....#####
##.# #.# ###### #.#
..# #.. ..# ### ..#
# .##


You could see Crazy Yiuf (ally target) and a friendly crimson imp (summoned).

Vanquished Creatures
  3 adders (D:2)
  A dart slug (D:2)
  3 ball pythons
  2 endoplasms
  3 giant cockroaches
  A kobold (D:1)
  2 bats (D:2)
  2 frilled lizards
  2 goblins (D:1)
19 creatures vanquished.

Vanquished Creatures (collateral kills)
  3 adders (D:2)
  3 bats
  3 endoplasms
  A giant cockroach (D:2)
  A goblin (D:1)
  A hobgoblin (D:1)
  2 jackals (D:1)
  2 kobolds
  A quokka (D:1)
  A rat (D:1)
18 creatures vanquished.

Vanquished Creatures (others)
  A fungus (D:2)
1 creature vanquished.

Grand Total: 38 creatures vanquished

Notes
Turn   | Place    | Note
-------+----------+-------------------------------------------
     0 | D:1      | pacmanke6689 the Kobold Summoner began the quest for the
                  | Orb.
     0 | D:1      | Reached XP level 1. HP: 10/10 MP: 3/3
   425 | D:1      | Reached XP level 2. HP: 15/15 MP: 0/5
  1838 | D:1      | Reached XP level 3. HP: 6/19 MP: 3/6
  2497 | D:2      | Learned a level 2 spell: Call Imp
  2880 | D:2      | Reached XP level 4. HP: 15/24 MP: 3/7
  3036 | D:2      | Reached skill level 1 in Armour
  3871 | D:2      | Found a runed translucent door.
  3874 | D:2      | Noticed Crazy Yiuf
  3900 | D:2      | Slain by Crazy Yiuf

Illustrated notes

Levels and vault maps discovered:
D:1:      dpeg_arrival_shelter, layout_basic, serial_park_tiny_1,
          minmay_misc_feat_chi
D:2:      layout_basic, dreamdust_princess_bridge, minmay_indecisive_spiral,
          uniq_crazy_yiuf_cottage

Skill      XL: |  1  2  3  4 |
---------------+-------------+-----
Stealth        | 3 |  3.3
Armour         | 1 |  1.5
Dodging        | 3 |  3.1
Fighting       | |  0.2
Unarmed Combat | |  0.9
Spellcasting   | |  2.6
Summonings     | |  4.4

Action                   |  1- 3 |  4- 6 || total
-------------------------+-------+-------++-------
Melee: Unarmed           |   171 |     3 ||   174
       Punch             |     4 |     1 ||     5
       Dagger            |       |    41 ||    41
 Cast: Summon Small Mamm |    21 |     2 ||    23
       Call Imp          |     4 |     9 ||    13
 Stab: Sleeping          |    10 |     4 ||    14
Armor: Robe              |    10 |       ||    10
       Leather armour    |    40 |     7 ||    47
Dodge: Dodged            |   155 |    36 ||   191
